 Dungeon Crawl Stone Soup version 0.28.0 (console) character file.

Game seed: 11743422416399219221

16 Garrluk the Scratcher (level 2, 9/12 HPs)
             Began as a Felid Transmuter on Feb 18, 2022.
             Was an Initiate of Ashenzari.
             Got out of the dungeon alive.
             The game lasted 00:04:20 (515 turns).

Garrluk the Scratcher (Felid Transmuter)             Turns: 515, Time: 00:04:20

Health: 9/12       AC:  1    Str:  6    XL:     2   Next: 37%
Magic:  6/6        EV: 17    Int: 14    God:    Ashenzari [......]
Gold:   5          SH:  0    Dex: 16    Spells: 4/5 levels left
                                        Lives:  0   Deaths: 0

rFire   . . .      SeeInvis +     - Unarmed
rCold   . . .      Faith    .   (shield unavailable)
rNeg    . . .      Spirit   .   (armour unavailable)
rPois   .          Reflect  .   (helmet unavailable)
rElec   .          Harm     .   (cloak unavailable)
rCorr   .          Rampage  .   (gloves unavailable)
Will    .....                   (boots unavailable)
Stlth   +.........              (no amulet)
HPRegen 0.04/turn               (no ring)
MPRegen 0.10/turn               (no ring)

@: quick
A: very small, claws 1, fangs 3, see invisible, speed 1, shaggy fur 1, stealthy
paws, no weapons or thrown items, no armour, multi-lived
a: Renounce Religion, Curse Item


You escaped.
You worshipped Ashenzari.
Ashenzari was noncommittal.
You visited 1 branch of the dungeon, and saw 2 of its levels.

You collected 44 gold pieces.
You spent 39 gold pieces at shops.

Inventory:

Scrolls
 a - a scroll of amnesia {unknown}
 b - 3 scrolls of identify {unknown}
 d - a scroll of teleportation {unknown}
Potions
 c - 2 potions of curing
 e - a potion of heal wounds {unknown}


   Skills:
 - Level 1.0 Fighting
 - Level 2.6 Dodging
 * Level 3.6 Unarmed Combat
 - Level 2.0 Spellcasting
 + Level 2.5 Transmutations


You had 4 spell levels left.
You knew the following spells:

 Your Spells              Type           Power      Damage    Failure   Level
a - Beastly Appendage     Tmut           16%        N/A       9%          1

Your spell library contained the following spells:

 Spells                   Type           Power      Damage    Failure   Level
 Wereblood                Tmut           8%         N/A       13%         2
 Spider Form              Tmut/Pois      4%         N/A       38%         3
 Ice Form                 Ice/Tmut       4%         N/A       80%         4


Dungeon Overview and Level Annotations

Branches:
Dungeon (2/15)

Altars:
Ashenzari

Shops:
D:2 !


Innate Abilities, Weirdness & Mutations

You have sharp claws.
You have razor-sharp teeth.
You have supernaturally acute eyesight. (SInv)
You cover ground quickly. (Speed+)
You are covered in fur. (AC +1)
Your paws help you pounce on unaware monsters.
You are incapable of wielding weapons or throwing items.
You cannot wear armour.
You gain extra lives every three experience levels.


Message History

You scratch the dart slug.
The dart slug is heavily wounded.
The dart slug briefly extends its eye-stalks.
The dart slug barely misses you.
You scratch the dart slug.
You kill the dart slug!
A hobgoblin comes into view.
The hobgoblin shouts!
Your transformation is almost over.
You barely miss the hobgoblin. The hobgoblin hits you.
You scratch the hobgoblin. You headbutt the hobgoblin.
The hobgoblin is almost dead.
The hobgoblin closely misses you.
You scratch the hobgoblin but do no damage.
You headbutt the hobgoblin, but do no damage.
The hobgoblin is almost dead.
The hobgoblin misses you.
You scratch the hobgoblin but do no damage.
The hobgoblin is almost dead.
The hobgoblin hits you.
You scratch the hobgoblin but do no damage.
You bite the hobgoblin.
You kill the hobgoblin!
Your horns disappear.
Found a metallic green potion.
e - a metallic green potion
(D) Dungeon
Where to? (? - help)
What level of the Dungeon? (default 1, ? - help)
There is an escape hatch in the floor here.
There is a stone staircase leading up here.
You climb upwards.
There is a stone staircase leading down here.
You can't go up here!
Press: ? - help, . - travel You can't see that place. [a staircase leading out of the dungeon.]
There is a staircase leading out of the dungeon here.
Are you sure you want to leave the Dungeon?
This will make you lose the game!
You have escaped!

##### ####...# #..#.#.# #
#.##.#### # #.......## #
#'##.....# ### .# #
#........# ##.## .# # #.#.#
#.##.###.####...##.### #
#.#.# #..#.#@#..............
#
#.#.######...#.##........####
# #.#...#
#####.#............. #
#....## #.#...........## #
#.....# #...###.....#.#
#####....# #.#.# #.......###
.........## #...###.>...###..
######....#
#.#........####.## ##.#.#
#.#######.........
#...######.# #.#####.##
##.........# #....).(..


There were no monsters in sight!

Vanquished Creatures
  2 dart slugs
  2 bats (D:1)
  A giant cockroach (D:1)
  2 hobgoblins
  A frilled lizard (D:1)
  A kobold (D:1)
  3 rats (D:1)
12 creatures vanquished.

Notes
Turn   | Place    | Note
-------+----------+-------------------------------------------
     0 | D:1      | Garrluk the Felid Transmuter began the quest for the Orb.
     0 | D:1      | Reached XP level 1. HP: 9/9 MP: 4/4
   248 | D:1      | Reached XP level 2. HP: 12/12 MP: 4/6
   307 | D:1      | Found a faded altar of an unknown god.
   316 | D:1      | Prayed at the altar of an unknown god.
   316 | D:1      | Became a worshipper of Ashenzari the Shackled
   408 | D:2      | Found Iqaizxo's Distillery.
   408 | D:2      | Identified the +5 dagger "Voetyihena" {pain, Fragile rC+
                  | Int+7}
   416 | D:2      | Bought a potion of curing for 39 gold pieces
   515 | D:$      | Got out of the dungeon alive.

Illustrated notes

Levels and vault maps discovered:
D:1:      onia_arrival_mini_spirals, layout_loops_ring,
          shapermc_ecumenical_altar_flowoftime, nicolae_figureground_sparkle
D:2:      layout_rooms, serial_shops, shop

Action                   || total
-------------------------++-------
Melee: Unarmed           ||    26
       Headbutt          ||     5
       Bite              ||     3
 Cast: Beastly Appendage ||     9
Armor: Skin              ||     2
Dodge: Dodged            ||    26
